[Event "Polish Youth Ekstraliga 2022"]
[Site "Lublin"]
[Date "2022.07.01"]
[Round "7.3"]
[White "Raczek, Krzysztof"]
[Black "Jaworski, Tymon"]
[Result "1/2-1/2"]
[ECO "A04"]
[WhiteElo "2114"]
[BlackElo "1628"]
[Annotator "RC"]
[PlyCount "115"]
[EventDate "2022.06.24"]
[EventType "team-tourn"]
[EventCountry "POL"]
[SourceTitle "playchess.com"]
[Source "ChessBase"]
[SourceQuality "1"]
[TimeControl "40/5400+30:1800+30"]

1. Nf3 c5 2. c4 Nf6 3. g3 e6 4. Bg2 Be7 5. O-O O-O 6. b3 Nc6 7. Bb2 b6 8. Nc3 Bb7 9. d4 cxd4 10. Nxd4 Na5 11. e4 d6 12. Qe2 a6 13. b4 Nc6 14. Nxc6 Bxc6 15. e5 Bxg2 16. exf6 Bxf1 17. fxe7 Bxe2 18. exd8=Q Rfxd8 19. Nxe2 Rac8 20. Bd4 Rxc4 21. Bxb6 Rb8 22. Ba5 Kf8 23. Rd1 Ke7 24. Nd4 g6 25. Rd2 Rbc8 26. Kf1 e5 27. Nb3 Ke6 28. Ke2 g5 29. h3 h5 30. Kd3 Rc3+ 31. Ke2 R3c4 32. a3 Rc3 33. Rd3 Rc2+ 34. Nd2 f5 35. Bb6 R2c6 36. Ba5 Rc2 37. Bb6 R2c6 38. Ba5 Rc2 39. f3 R2c6 40. a4 h4 41. g4 fxg4 42. fxg4 Rc2 43. Bb6 R8c4 44. Rb3 d5 45. Bd8 e4 46. Bxg5 d4 47. b5 axb5 48. axb5 e3 49. Bxe3 dxe3 50. Kxe3 R2c3+ 51. Rxc3 Rxc3+ 52. Kf4 Rxh3 53. Nf3 Rh1 54. g5 Kf7 55. Kg4 Rb1 56. Kxh4 Rxb5 57. Kh5 Rxg5+ 58. Nxg5+ 1/2-1/2

[Event "Polish Youth Ekstraliga 2022"]
[Site "Lublin"]
[Date "2022.07.01"]
[Round "7.4"]
[White "Ochedzan, Filip"]
[Black "Grzebieniowski, Michal"]
[Result "0-1"]
[ECO "B07"]
[WhiteElo "1873"]
[BlackElo "1635"]
[Annotator "NA RC"]
[PlyCount "68"]
[EventDate "2022.06.24"]
[EventType "team-tourn"]
[EventCountry "POL"]
[SourceTitle "playchess.com"]
[Source "ChessBase"]
[SourceQuality "1"]
[TimeControl "40/5400+30:1800+30"]

1. e4 d6 2. d4 Nf6 3. Nc3 g6 4. Bg5 Bg7 5. Qd2 O-O 6. O-O-O b6 7. f3 Nbd7 8. h4 Bb7 9. g4 h5 10. Qe2 (10. Nge2 $16) 10... Qe8 11. Bh3 e6 12. Rh2 a6 13. e5 Nh7 14. f4 hxg4 15. Bxg4 c5 16. Ne4 Bxe4 17. Qxe4 cxd4 18. Qxd4 {[%emt 0:01:28] [#]} Nxe5 $1 19. fxe5 Bxe5 20. Qd2 Nxg5 21. hxg5 $2 (21. Re2 $17 {was called for.} Nh7 22. b3) 21... Qa4 22. Rf2 Qxg4 23. Kb1 d5 24. Nf3 Bg7 25. Rh1 Rfc8 26. Rh4 Qf5 27. Rf4 Rxc2 28. Qxc2 Qxf4 29. Qc6 Rf8 30. Rf1 Qe4+ 31. Ka1 Qe2 $19 32. Qc1 Bxb2+ 33. Qxb2 Qxf1+ 34. Qb1 Qxf3 0-1

[Event "Polish Youth Ekstraliga 2022"]
[Site "Lublin"]
[Date "2022.07.01"]
[Round "7.5"]
[White "Siekanska, Maria"]
[Black "Lochina, Justyna"]
[Result "1/2-1/2"]
[ECO "A67"]
[WhiteElo "1964"]
[BlackElo "1672"]
[Annotator "RC"]
[PlyCount "119"]
[EventDate "2022.06.24"]
[EventType "team-tourn"]
[EventCountry "POL"]
[SourceTitle "playchess.com"]
[Source "ChessBase"]
[SourceQuality "1"]
[TimeControl "40/5400+30:1800+30"]

1. d4 Nf6 2. c4 e6 3. Nc3 c5 4. d5 exd5 5. cxd5 d6 6. e4 g6 7. f4 Bg7 8. Bb5+ Nfd7 9. a4 O-O 10. Nf3 Re8 11. O-O a6 12. Be2 Qc7 13. Qc2 Nf6 14. h3 Nbd7 15. Be3 c4 16. Rae1 Nc5 17. e5 Bf5 18. Qd1 Nfd7 19. Bxc4 Ne4 20. Nxe4 Bxe4 21. Nd2 Nb6 22. Bxb6 Qxb6+ 23. Kh1 Bf5 24. g4 Bd7 25. e6 fxe6 26. dxe6 Bc6+ 27. Kh2 Qxb2 28. Bb3 d5 29. h4 Re7 30. f5 gxf5 31. gxf5 Kh8 32. Bc2 Rg8 33. Kh3 Bf6 34. Nf3 Qc3 35. Bd3 Bxa4 36. Qe2 Bb5 37. Bxb5 axb5 38. Qxb5 d4 39. Rd1 Qc2 40. Rg1 Reg7 41. Rxg7 Rxg7 42. Rg1 Rxg1 43. Nxg1 Qc6 44. Qxc6 bxc6 45. Nf3 Kg7 46. Kg4 c5 47. Kf4 c4 48. Ke4 d3 49. Nd2 c3 50. Kxd3 cxd2 51. Kxd2 Bxh4 52. Ke2 Kf6 53. Kf1 Kxf5 54. Kg2 Kxe6 55. Kh1 Kf5 56. Kg2 Kg4 57. Kh1 Kg3 58. Kg1 Bg5 59. Kh1 h5 60. Kg1 1/2-1/2

[Event "Polish Youth Ekstraliga 2022"]
[Site "Lublin"]
[Date "2022.07.01"]
[Round "7.6"]
[White "Smietanska, Wiktoria"]
[Black "Ziobrowska, Maja"]
[Result "1-0"]
[ECO "C78"]
[WhiteElo "1879"]
[BlackElo "1609"]
[Annotator "NA RC"]
[PlyCount "73"]
[EventDate "2022.06.24"]
[EventType "team-tourn"]
[EventCountry "POL"]
[SourceTitle "playchess.com"]
[Source "ChessBase"]
[SourceQuality "1"]
[TimeControl "40/5400+30:1800+30"]

1. e4 e5 2. Nf3 Nc6 3. Bb5 a6 4. Ba4 Nf6 5. O-O b5 6. Bb3 Bb7 7. Re1 Bc5 8. c3 d6 9. d4 Bb6 10. a4 Qd7 11. Bc2 O-O-O 12. axb5 axb5 13. d5 Ng4 14. Re2 Ne7 15. h3 h5 16. Ng5 Ng6 17. c4 Qe7 18. cxb5 Nf4 19. Bxf4 exf4 20. Nf3 Ne5 21. Nbd2 Nxf3+ 22. Nxf3 g5 23. Nd4 g4 24. Nc6 Qg5 25. e5 Rde8 26. Qd3 Ba8 27. Rxa8+ Kb7 28. Rxe8 (28. Na5+ $142 Bxa5 29. Rxa5 gxh3 30. f3) 28... Rxe8 29. hxg4 $18 (29. Qa3 Ra8 30. Qxa8+ (30. h4 $2 Rxa3 31. bxa3 Qxh4 $19) 30... Kxa8 31. exd6 cxd6 32. Re8+ Kb7 33. Re7+ Bc7 $19) 29... hxg4 $2 {[%emt 0:00:56] [#]} (29... f3) 30. exd6 $1 (30. Qa3 Ra8 31. Qxa8+ Kxa8 32. exd6 cxd6 $19) 30... Qh4 31. Qh7 Qxh7 32. Bxh7 Rxe2 33. d7 g3 34. Kf1 Rxf2+ 35. Ke1 f3 36. d8=Q Ba7 37. d6 1-0

[Event "Polish Youth Ekstraliga 2022"]
[Site "Lublin"]
[Date "2022.07.01"]
[Round "7.7"]
[White "Karolczuk, Iwo"]
[Black "Baum, Jonasz"]
[Result "0-1"]
[ECO "C01"]
[WhiteElo "2319"]
[BlackElo "2409"]
[Annotator "ChessBase"]
[PlyCount "134"]
[EventDate "2022.06.24"]
[EventType "team-tourn"]
[EventCountry "POL"]
[SourceTitle "playchess.com"]
[Source "ChessBase"]
[SourceQuality "1"]
[TimeControl "40/5400+30:1800+30"]

1. e4 e6 2. d4 d5 3. exd5 exd5 4. Nf3 Nf6 5. Bd3 c5 6. O-O c4 7. Re1+ Be7 8. Bf1 O-O 9. b3 cxb3 10. axb3 Nc6 11. h3 Bf5 12. Ne5 Nb4 13. Na3 Rc8 14. c4 a6 15. Bd2 dxc4 16. bxc4 Qxd4 17. Nf3 Qd7 18. Qb3 Nc6 19. Bf4 Be4 20. Ne5 Qf5 21. Nxc6 Bxc6 22. Be3 Bc5 23. Nc2 Bxe3 24. Nxe3 Qc5 25. Qc3 Ne4 26. Qc2 Rcd8 27. Bd3 Rfe8 28. Rad1 Nf6 29. Qc3 Qg5 30. Bf1 h6 31. Qc2 Qa5 32. Qb2 Rxd1 33. Rxd1 Rd8 34. Ra1 Qd2 35. Qb6 Qd4 36. Qa5 Re8 37. Nf5 Qe5 38. Qxe5 Rxe5 39. Nd4 Be4 40. f3 Bg6 41. Ra2 Nd7 42. Rd2 Re7 43. Nb3 Re3 44. Rb2 Re1 45. Kf2 Rb1 46. Rxb1 Bxb1 47. Ke3 Bc2 48. Nd2 Kf8 49. Kd4 b6 50. Kc3 Ba4 51. Ne4 Ke7 52. c5 Nxc5 53. Nxc5 bxc5 54. Bxa6 g5 55. Bd3 h5 56. Bc4 h4 57. Kd3 Bc6 58. Ke3 f6 59. Bf1 Kd6 60. f4 Bd5 61. fxg5 fxg5 62. Kf2 Ke5 63. g3 Kd4 64. gxh4 gxh4 65. Be2 Be6 66. Kf3 Bxh3 67. Bc4 Kxc4 0-1

[Event "Polish Youth Ekstraliga 2022"]
[Site "Lublin"]
[Date "2022.07.01"]
[Round "7.8"]
[White "Dalkowski, Rafal"]
[Black "Budzisz, Adrian"]
[Result "1-0"]
[ECO "E16"]
[WhiteElo "2028"]
[BlackElo "2152"]
[Annotator "RC"]
[PlyCount "107"]
[EventDate "2022.06.24"]
[EventType "team-tourn"]
[EventCountry "POL"]
[SourceTitle "playchess.com"]
[Source "ChessBase"]
[SourceQuality "1"]
[TimeControl "40/5400+30:1800+30"]

1. d4 Nf6 2. c4 e6 3. Nf3 Bb4+ 4. Bd2 Qe7 5. Nc3 Nc6 6. Qc2 d5 7. e3 Bxc3 8. Bxc3 Ne4 9. Bd3 Nxc3 10. bxc3 h6 11. O-O O-O 12. Rfe1 dxc4 13. Bxc4 Na5 14. Bd3 c5 15. Ne5 b6 16. Bh7+ Kh8 17. Be4 Rb8 18. h3 Qc7 19. Rab1 Bb7 20. Bxb7 Rxb7 21. Qe4 Rc8 22. Red1 cxd4 23. Rxd4 Kg8 24. Rbd1 f6 25. Rd7 Qxe5 26. Qg6 Rxd7 27. Rxd7 f5 28. Rxg7+ Qxg7 29. Qxe6+ Qf7 30. Qxc8+ Kg7 31. Qb8 Nc4 32. Qf4 b5 33. e4 Qd7 34. g3 Nd2 35. exf5 Qd5 36. Qg4+ Kf8 37. Qg6 Qxa2 38. Qxh6+ Kf7 39. Qg6+ Ke7 40. f6+ Kd8 41. Qd3+ Ke8 42. Qe3+ Kd7 43. Qe7+ Kc6 44. Qe8+ Kb6 45. f7 Qb1+ 46. Kh2 Nf3+ 47. Kg2 Ne1+ 48. Kf1 Nc2+ 49. Ke2 Qe1+ 50. Kf3 Qd1+ 51. Kf4 Qd6+ 52. Kf5 Qc5+ 53. Kg6 Qxf2 54. Qb8+ 1-0

[Event "Polish Youth Ekstraliga 2022"]
[Site "Lublin"]
[Date "2022.07.01"]
[Round "7.9"]
[White "Ptaszynski, Szymon"]
[Black "Mulawa, Cyprian"]
[Result "0-1"]
[ECO "B51"]
[WhiteElo "1781"]
[BlackElo "2050"]
[Annotator "RC"]
[PlyCount "102"]
[EventDate "2022.06.24"]
[EventType "team-tourn"]
[EventCountry "POL"]
[SourceTitle "playchess.com"]
[Source "ChessBase"]
[SourceQuality "1"]
[TimeControl "40/5400+30:1800+30"]

1. e4 c5 2. Nf3 d6 3. Bb5+ Nd7 4. a4 a6 5. Be2 Ngf6 6. Nc3 g6 7. d4 cxd4 8. Nxd4 Bg7 9. Be3 O-O 10. O-O Ne5 11. f3 Bd7 12. Qd2 Rc8 13. Rfd1 Nc4 14. Bxc4 Rxc4 15. b3 Rc8 16. Rac1 Qa5 17. Nde2 Rfe8 18. Bd4 Bc6 19. Rb1 Qc7 20. Na2 e5 21. Be3 d5 22. exd5 Nxd5 23. Bf2 Rcd8 24. c4 Nf6 25. Qb4 Rxd1+ 26. Rxd1 e4 27. Bg3 Qc8 28. f4 Qg4 29. Qe1 Nh5 30. Nb4 Nxg3 31. hxg3 Bf8 32. Nxc6 bxc6 33. b4 Bxb4 34. Qxb4 Qxe2 35. Re1 Qd3 36. Kh2 e3 37. Qc5 Re6 38. Qb4 e2 39. Qb8+ Kg7 40. Qb2+ Kh6 41. Qb4 Kh5 42. Qc5+ f5 43. Kh3 Re3 44. Qa7 Rxg3+ 45. Kh2 Kg4 46. Qf2 Qe3 47. Rxe2 Qxf2 48. Rxf2 Rc3 49. Rb2 Rxc4 50. Rb6 Rxa4 51. Rxc6 Kxf4 0-1

[Event "Polish Youth Ekstraliga 2022"]
[Site "Lublin"]
[Date "2022.07.01"]
[Round "7.10"]
[White "Suska, Szymon"]
[Black "Rekuc, Patryk"]
[Result "1/2-1/2"]
[ECO "A05"]
[WhiteElo "1604"]
[BlackElo "1842"]
[Annotator "NA RC"]
[PlyCount "129"]
[EventDate "2022.06.24"]
[EventType "team-tourn"]
[EventCountry "POL"]
[SourceTitle "playchess.com"]
[Source "ChessBase"]
[SourceQuality "1"]
[TimeControl "40/5400+30:1800+30"]

1. Nf3 Nf6 2. g3 g6 3. Bg2 Bg7 4. O-O O-O 5. c4 d6 6. Nc3 c5 7. d3 Nc6 8. a3 a5 9. Bg5 h6 10. Bd2 Nd7 11. Nh4 Kh7 12. f4 Rb8 13. Rb1 e6 14. e3 Nf6 15. Nf3 d5 16. e4 dxc4 17. dxc4 Nd4 18. Bc1 Nxf3+ 19. Bxf3 b6 20. Qxd8 Rxd8 21. e5 Ng8 22. Rd1 Rxd1+ 23. Bxd1 Bb7 24. Be3 Rd8 25. Be2 Bc6 26. Rd1 Rxd1+ 27. Nxd1 f6 28. exf6 Bxf6 29. Kf2 Ne7 30. g4 Kg7 31. Ke1 Kf7 32. Bd2 Nc8 33. Bc3 Nd6 34. Bd3 Bf3 35. Bxf6 Kxf6 36. Ne3 g5 37. Kf2 gxf4 38. Kxf3 fxe3 39. Kxe3 Kg5 40. Kf3 e5 41. Kg3 Kf6 42. Kf3 e4+ 43. Bxe4 Nxc4 44. h4 Nxb2 45. Ke2 Nc4 46. a4 Ne5 47. Bf3 Ke6 48. Ke3 Nc4+ 49. Kf4 Nb2 $1 50. Bc6 Nd3+ 51. Ke4 Nf2+ 52. Kf3 Nd3 53. Ke4 Nb4 54. Bb5 Kf6 55. Bc4 Nc2 56. Bd3 Nb4 57. Bc4 Nc2 58. Bd3 Ne1 59. Bb1 Ng2 60. g5+ hxg5 61. hxg5+ Kxg5 62. Kd5 Ne3+ 63. Kc6 $11 Nc4 64. Ba2 Nb2 65. Kxb6 1/2-1/2

[Event "Polish Youth Ekstraliga 2022"]
[Site "Lublin"]
[Date "2022.07.01"]
[Round "7.11"]
[White "Marcinczyk, Monika"]
[Black "Rejniak, Zuzanna"]
[Result "0-1"]
[ECO "B03"]
[WhiteElo "1991"]
[BlackElo "1804"]
[Annotator "RC"]
[PlyCount "140"]
[EventDate "2022.06.24"]
[EventType "team-tourn"]
[EventCountry "POL"]
[SourceTitle "playchess.com"]
[Source "ChessBase"]
[SourceQuality "1"]
[TimeControl "40/5400+30:1800+30"]

1. e4 Nf6 2. e5 Nd5 3. d4 d6 4. c4 Nb6 5. exd6 exd6 6. Nc3 Be7 7. Bd3 Bf6 8. Nge2 Nc6 9. Be3 Nb4 10. Bb1 Bg4 11. O-O O-O 12. a3 Nc6 13. f3 Bc8 14. Ba2 Ne7 15. Rc1 c6 16. Ne4 Nf5 17. Nxf6+ Qxf6 18. Bf2 Qh6 19. Qd3 Re8 20. Rfe1 Bd7 21. b4 d5 22. c5 Nc8 23. Nc3 Nce7 24. b5 Ng6 25. g3 Qg5 26. Kh1 h5 27. Rc2 Rxe1+ 28. Bxe1 Re8 29. Bf2 h4 30. g4 Ne3 31. Re2 Nc4 32. Rxe8+ Bxe8 33. Bxc4 dxc4 34. Qe3 Qxe3 35. Bxe3 cxb5 36. f4 a5 37. d5 b4 38. axb4 axb4 39. Na2 b3 40. Nc3 Ne7 41. d6 Nc6 42. Nd1 f5 43. gxf5 Bh5 44. Nc3 Bf3+ 45. Kg1 b2 46. d7 Be4 47. f6 gxf6 48. Bd4 b1=Q+ 49. Nxb1 Bxb1 50. Bxf6 c3 51. Bxc3 Bf5 52. d8=Q+ Nxd8 53. Bf6 Ne6 54. Bxh4 Nxc5 55. Be1 Nd3 56. Bd2 Bh3 57. f5 Kf7 58. Bc3 b5 59. f6 Ke6 60. Kh1 b4 61. Bxb4 Nxb4 62. Kg1 Nd3 63. Kh1 Kxf6 64. Kg1 Kf5 65. Kh1 Kf4 66. Kg1 Kf3 67. Kh1 Bg2+ 68. Kg1 Nf2 69. h4 Kg3 70. h5 Nh3# 0-1

[Event "Polish Youth Ekstraliga 2022"]
[Site "Lublin"]
[Date "2022.07.01"]
[Round "7.12"]
[White "Dabrowska, Ewa"]
[Black "Szczotka, Klara"]
[Result "0-1"]
[ECO "B13"]
[WhiteElo "1133"]
[BlackElo "1863"]
[Annotator "NA RC"]
[PlyCount "80"]
[EventDate "2022.06.24"]
[EventType "team-tourn"]
[EventCountry "POL"]
[SourceTitle "playchess.com"]
[Source "ChessBase"]
[SourceQuality "1"]
[TimeControl "40/5400+30:1800+30"]

1. e4 c6 2. d4 d5 3. exd5 cxd5 4. Bd3 Nc6 5. c3 Nf6 6. Bf4 g6 7. Nd2 Bf5 8. Bxf5 gxf5 9. Ngf3 e6 10. Ne5 {[%emt 0:02:56] 10.0-0 might become the main line.} Bg7 11. Ndf3 O-O {[%emt 0:01:36] [#]} 12. Nxc6 $146 ({Predecessor:} 12. O-O Ne7 13. Bg5 Ng6 14. Qe2 Qe8 15. Rfe1 Ne4 16. Bc1 f6 17. Nd3 e5 18. Nb4 {0-1 (45) Myers,D (2065)-Liang,J (2419) Chess.com INT 2022}) 12... bxc6 13. Ne5 Rc8 14. Qf3 Ne4 15. Qh3 f6 16. Nf3 e5 (16... Qb6 $17 17. Bc1 Qb5) 17. dxe5 fxe5 18. Bh6 Qf6 19. Bxg7 Kxg7 20. O-O Rce8 21. Rad1 a5 22. Nd2 (22. Ne1 $15) 22... Ng5 23. Qg3 f4 24. Qg4 Qf5 25. Qxf5 Rxf5 26. Rfe1 e4 27. c4 Rb8 28. cxd5 cxd5 29. b3 $17 Rc8 30. Rc1 Rff8 (30... Rxc1 $19 31. Rxc1 e3) 31. Red1 Kf6 (31... e3 $142 32. Rb1 exd2 33. Rxd2 Rfd8) 32. Kf1 Ke5 (32... Ne6 $19 33. Nb1 Rxc1 34. Rxc1 Ke5) 33. Ke2 Ne6 34. Nb1 Nd4+ 35. Kd2 Rg8 36. g3 Nf3+ 37. Ke2 d4 38. gxf4+ Kxf4 39. h3 d3+ 40. Kf1 Rg1# 0-1

[Event "Polish Youth Ekstraliga 2022"]
[Site "Lublin"]
[Date "2022.07.01"]
[Round "7.13"]
[White "Czernek, Tymon"]
[Black "Poltorak, Sebastian"]
[Result "1-0"]
[ECO "B12"]
[WhiteElo "2199"]
[BlackElo "2322"]
[Annotator "TA"]
[PlyCount "77"]
[EventDate "2022.06.24"]
[EventType "team-tourn"]
[EventCountry "POL"]
[SourceTitle "playchess.com"]
[Source "ChessBase"]
[SourceQuality "1"]
[TimeControl "40/5400+30:1800+30"]

1. e4 c6 2. d4 d5 3. f3 e6 4. Nc3 Bb4 5. Bf4 Nf6 6. Qd3 b6 7. Nge2 {[%emt 0:00:03] B12: Caro-Kann: Advance Variation.} Ba6 8. Qe3 c5 9. O-O-O {[%emt 0:04:37] White is slightly better.} Nc6 (9... O-O $1 $14) 10. exd5 Nxd5 11. Nxd5 Qxd5 {[%emt 0:00:11] [#]} 12. a3 $146 ({Predecessor:} 12. Nc3 Bxc3 13. Bxa6 Bxd4 14. Qa3 Qf5 15. Bg3 Rd8 16. Bb5 Qd5 17. c3 Be3+ 18. Kb1 {1-0 (41) Karpus,M (1703)-Niezgodka,A Borowice 2012}) 12... Bxe2 $2 (12... cxd4 $16 13. Nxd4 Bxf1 14. axb4 (14. Rdxf1 $2 Bc5 $19) 14... Ba6) 13. Bxe2 $2 ({White must play} 13. Qxe2 $18 Ba5 14. dxc5) 13... cxd4 $14 {[%emt 0:01:50][%cal Od5a2] [#] And now ...Qa2! would win.} 14. Qe4 Qxe4 15. fxe4 Be7 (15... e5 $2 16. Bb5 Rc8 17. Bxe5 $16 (17. axb4 exf4 18. Rxd4 Ke7 $11)) 16. Bb5 {[%emt 0:00:04][%csl LRc6,LRd4] This bishop pair is nice.} Rc8 17. Rxd4 $1 {[%emt 0:01:31] [#] Black must now prevent Rc4.} a6 18. Bxc6+ (18. Bxa6 $2 Nxd4 19. Bxc8 Ne2+ 20. Kb1 Nxf4 $19) 18... Rxc6 19. Rhd1 $36 {[%emt 0:00:16][%mdl 2048] White has some pressure.} O-O 20. Rd7 e5 (20... Bc5 $14) 21. Bxe5 (21. Rxe7 $6 exf4 22. h3 Rg6 $11) 21... Re6 22. Bd6 {[%emt 0:03:50] White is more active.} Bxd6 (22... Bg5+ $16 {was called for.} 23. Kb1 Rfe8) 23. R7xd6 $18 (23. R1xd6 Rxe4 24. Rxb6 Re1+ 25. Rd1 Re2 $16) 23... Rxe4 24. Rxb6 $16 {[%emt 0:02:13][%mdl 4096] Endgame KRR-KRR} Re2 25. Rg1 (25. Rxa6 $6 Rxg2 26. Rad6 Rxh2 $16) (25. b4 $18) 25... Rc8 26. c3 g5 27. a4 (27. Rxa6 $6 Rb8 $11) 27... Rd8 (27... Kg7 $16 28. h3 (28. Rxa6 Rb8 $11) 28... Ra8) 28. h3 (28. Rxa6 Rb8 $11) 28... Rdd2 29. g4 (29. Rxa6 Rxb2 30. Rc6 Ra2 $17) 29... Rh2 30. Rg3 (30. Rxa6 Rc2+ 31. Kb1 Rxb2+ 32. Ka1 Ra2+ 33. Kb1 Rhb2+ 34. Kc1 Rf2 $15) 30... Kg7 31. Rf3 (31. Rxa6 Rc2+ 32. Kb1 Rxb2+ 33. Ka1 Ra2+ 34. Kb1 Rhb2+ 35. Kc1 Rf2 $17) 31... Rd7 32. Kb1 (32. Rxa6 Rh1+ 33. Kc2 Rh2+ 34. Kb3 Rb7+ 35. Kc4 Rc7+ 36. Kb3 Rb7+ 37. Ka3 Rhxb2 $16) 32... h6 33. Ka2 ({Worse is} 33. Rxa6 Rb7 $11) 33... Re7 34. Ka3 (34. Rxa6 Rb7 $16) 34... Rh1 35. Kb3 (35. Rxa6 Ra1+ 36. Kb4 (36. Kb3 Rb7+ 37. Kc4 Rxb2 $18) 36... Rb7+ 37. Kc5 Rxb2 $18) 35... Rc7 (35... a5 {is a better defense.} 36. Rb5 Ra7) 36. Kb4 $18 {[%emt 0:01:47] White is clearly winning.} ({Not} 36. Rxa6 Rb7+ 37. Kc4 (37. Ka2 Rh2 $16) 37... Rxb2 $18) 36... Ra1 37. a5 Ra7 38. Rff6 h5 39. Rf5 {[%emt 0:00:57] Weighted Error Value: White=0.17 (very precise) /Black=0.30} 1-0

[Event "Polish Youth Ekstraliga 2022"]
[Site "Lublin"]
[Date "2022.07.01"]
[Round "7.14"]
[White "Meers, Hubert"]
[Black "Chyzy, Jakub"]
[Result "1/2-1/2"]
[ECO "C28"]
[WhiteElo "2013"]
[BlackElo "2191"]
[Annotator "RC"]
[PlyCount "60"]
[EventDate "2022.06.24"]
[EventType "team-tourn"]
[EventCountry "POL"]
[SourceTitle "playchess.com"]
[Source "ChessBase"]
[SourceQuality "1"]
[TimeControl "40/5400+30:1800+30"]

1. e4 e5 2. Nc3 Nf6 3. Bc4 Nc6 4. d3 Na5 5. Nge2 Nxc4 6. dxc4 Be7 7. O-O d6 8. Qd3 c6 9. Be3 O-O 10. Ng3 Qc7 11. Rad1 Rd8 12. b3 Be6 13. f4 d5 14. cxd5 cxd5 15. exd5 Bxd5 16. fxe5 Bxg2 17. exf6 Rxd3 18. Rxd3 Bb4 19. Kxg2 Bxc3 20. fxg7 Rd8 21. Rxd8+ Qxd8 22. Nf5 Bxg7 23. Rf3 Qd1 24. c4 Be5 25. Nh6+ Kg7 26. Rxf7+ Kg6 27. Rf2 Bd4 28. Bxd4 Qxd4 29. Nf5 Qe4+ 30. Kg3 Qe5+ 1/2-1/2

[Event "Polish Youth Ekstraliga 2022"]
[Site "Lublin"]
[Date "2022.07.01"]
[Round "7.15"]
[White "Krawczyk, Flawian"]
[Black "Zielonka, Adam"]
[Result "1/2-1/2"]
[ECO "B46"]
[WhiteElo "2212"]
[BlackElo "1988"]
[Annotator "RC"]
[PlyCount "78"]
[EventDate "2022.06.24"]
[EventType "team-tourn"]
[EventCountry "POL"]
[SourceTitle "playchess.com"]
[Source "ChessBase"]
[SourceQuality "1"]
[TimeControl "40/5400+30:1800+30"]

1. e4 c5 2. Nf3 e6 3. d4 cxd4 4. Nxd4 Nc6 5. Nc3 a6 6. Be2 d6 7. O-O Nf6 8. Be3 Be7 9. f4 O-O 10. Kh1 Qc7 11. Qe1 Nxd4 12. Bxd4 b5 13. a3 Bb7 14. Qg3 g6 15. Bf3 d5 16. Be5 Qc5 17. exd5 Nxd5 18. Qh3 Nxc3 19. Bxb7 Ra7 20. Qh6 f6 21. Bxc3 Rxb7 22. Qh3 Qf5 23. Qxf5 gxf5 24. Rfd1 Kf7 25. Rd3 Rd8 26. Rxd8 Bxd8 27. Rd1 Be7 28. g3 Ke8 29. Kg2 Rd7 30. Re1 Rd6 31. Kf3 Kd7 32. h3 h5 33. g4 hxg4+ 34. hxg4 fxg4+ 35. Kxg4 Rc6 36. Re3 Rc4 37. Rd3+ Kc6 38. b3 Re4 39. Kf3 f5 1/2-1/2

[Event "Polish Youth Ekstraliga 2022"]
[Site "Lublin"]
[Date "2022.07.01"]
[Round "7.16"]
[White "Liskiewicz, Jakub"]
[Black "Sowinski, Pawel"]
[Result "0-1"]
[ECO "E46"]
[WhiteElo "1839"]
[BlackElo "2060"]
[Annotator "RC"]
[PlyCount "64"]
[EventDate "2022.06.24"]
[EventType "team-tourn"]
[EventCountry "POL"]
[SourceTitle "playchess.com"]
[Source "ChessBase"]
[SourceQuality "1"]
[TimeControl "40/5400+30:1800+30"]

1. d4 Nf6 2. c4 e6 3. Nc3 Bb4 4. e3 O-O 5. Nge2 Re8 6. a3 Bf8 7. Ng3 d5 8. cxd5 exd5 9. Bd3 g6 10. O-O h5 11. h3 Nc6 12. Qf3 Bg7 13. b4 Be6 14. Na4 h4 15. Ne2 Ne4 16. Nf4 Bf5 17. Nc5 a5 18. Nxb7 Qc8 19. Nxa5 Nxa5 20. bxa5 c5 21. Nxd5 Qd8 22. Nf4 cxd4 23. Rb1 Rxa5 24. exd4 Bxd4 25. Rb5 Nxf2 26. Kh2 Bxd3 27. Nxd3 Rxb5 28. Nxf2 Rf5 29. Qg4 Bxf2 30. Rd1 Bg3+ 31. Kh1 Qxd1+ 32. Qxd1 Re1+ 0-1

[Event "Polish Youth Ekstraliga 2022"]
[Site "Lublin"]
[Date "2022.07.01"]
[Round "7.17"]
[White "Wikar, Martyna"]
[Black "Zabrzanska, Weronika"]
[Result "1-0"]
[ECO "C47"]
[WhiteElo "2197"]
[BlackElo "1882"]
[Annotator "RC"]
[PlyCount "53"]
[EventDate "2022.06.24"]
[EventType "team-tourn"]
[EventCountry "POL"]
[SourceTitle "playchess.com"]
[Source "ChessBase"]
[SourceQuality "1"]
[TimeControl "40/5400+30:1800+30"]

1. e4 e5 2. Nf3 Nc6 3. Nc3 Nf6 4. a3 d5 5. exd5 Nxd5 6. Bb5 Nxc3 7. bxc3 e4 8. Qe2 Qe7 9. Nd4 Bd7 10. Nxc6 bxc6 11. Bc4 g6 12. a4 f5 13. O-O Be6 14. Rb1 Kf7 15. Rb7 Bd5 16. Bxd5+ cxd5 17. Qb5 Qd6 18. c4 d4 19. Bb2 Be7 20. c5 Qd5 21. d3 c6 22. Qb4 Rhd8 23. dxe4 fxe4 24. Rd1 Kf8 25. Bxd4 a5 26. Qd2 Rd7 27. Rxd7 1-0

[Event "Polish Youth Ekstraliga 2022"]
[Site "Lublin"]
[Date "2022.07.01"]
[Round "7.18"]
[White "Polakiewicz, Blanka"]
[Black "Natoli, Alessia"]
[Result "0-1"]
[ECO "B13"]
[WhiteElo "1151"]
[BlackElo "1680"]
[Annotator "NA RC"]
[PlyCount "106"]
[EventDate "2022.06.24"]
[EventType "team-tourn"]
[EventCountry "POL"]
[SourceTitle "playchess.com"]
[Source "ChessBase"]
[SourceQuality "1"]
[TimeControl "40/5400+30:1800+30"]

1. e4 c6 2. d4 d5 3. exd5 cxd5 4. Bd3 Nc6 5. c3 Nf6 6. h3 g6 7. Nf3 Bf5 8. O-O Bxd3 9. Qxd3 Bg7 10. Bf4 Qb6 11. Qc2 O-O 12. Nbd2 Rfc8 13. Qb3 Qa6 14. Ne5 e6 15. Rfe1 Nh5 16. Nxc6 Rxc6 17. Bh2 Rac8 18. Nf3 Rb6 19. Qc2 Qb5 20. Rab1 Qc4 21. g4 Nf6 22. a3 Ne4 23. Nd2 Qxd4 24. Nxe4 dxe4 25. Qxe4 Qxe4 26. Rxe4 Rxc3 27. Rd1 Rc8 28. b4 Bf6 29. Rd3 Rc3 30. Rxc3 Bxc3 31. Rc4 Rc6 32. Rxc6 bxc6 33. Bd6 Bd4 34. Kf1 f5 35. f3 Kf7 36. g5 e5 37. Ke2 Ke6 38. Bf8 Kd5 39. Kd3 e4+ 40. fxe4+ fxe4+ 41. Kc2 Kc4 42. Bd6 e3 43. a4 Bc3 44. Kd1 Bxb4 45. Bxb4 Kxb4 46. Ke2 Kxa4 47. Kxe3 c5 48. Kd2 Kb3 49. Kc1 c4 50. Kb1 c3 51. h4 c2+ 52. Kc1 a5 53. Kd2 Kb2 0-1

[Event "Polish Youth Ekstraliga 2022"]
[Site "Lublin"]
[Date "2022.07.01"]
[Round "7.19"]
[White "Ciborowski, Konrad Jr"]
[Black "Kazmierowski, Tymon"]
[Result "1/2-1/2"]
[ECO "A45"]
[WhiteElo "1927"]
[BlackElo "2020"]
[Annotator "RC"]
[PlyCount "74"]
[EventDate "2022.06.24"]
[EventType "team-tourn"]
[EventCountry "POL"]
[SourceTitle "playchess.com"]
[Source "ChessBase"]
[SourceQuality "1"]
[TimeControl "40/5400+30:1800+30"]

1. d4 Nf6 2. Nc3 d5 3. Bf4 a6 4. e3 h6 5. Nf3 e6 6. Ne5 Bd6 7. g4 Nc6 8. Qf3 Bxe5 9. dxe5 Nd7 10. O-O-O g5 11. Bg3 Ndxe5 12. Qe2 f6 13. h4 Qe7 14. hxg5 fxg5 15. f4 Nf7 16. Bg2 Bd7 17. Bxd5 O-O-O 18. Bc4 Nd6 19. fxg5 Nxc4 20. Qxc4 hxg5 21. Rh5 Rxh5 22. gxh5 e5 23. Nd5 Qe6 24. h6 Rh8 25. Rh1 Rxh6 26. Rxh6 Qxh6 27. Bxe5 Be6 28. Kd2 Bxd5 29. Qxd5 Nxe5 30. Qxe5 Kd7 31. Ke2 Qh5+ 32. Kf2 Qh4+ 33. Kf3 Qh5+ 34. Kg3 Qh4+ 35. Kg2 Qg4+ 36. Kf2 Qh4+ 37. Kg2 Qg4+ 1/2-1/2